 Dungeon Crawl Stone Soup version 0.21.1-68-g103a7af (webtiles) character file.

4 meralisa the Ruffian (level 1, -3/18 HPs)
             Began as a Naga Transmuter on Aug 1, 2018.
             Slain by a gnoll
             ... wielding a +0 halberd
              (10 damage)
             ... on level 1 of the Dungeon.
             The game lasted 00:02:03 (144 turns).

meralisa the Ruffian (Naga Transmuter)               Turns: 144, Time: 00:02:04

Health: -3/18      AC:  1    Str: 12    XL:     1   Next: 70%
Magic:  3/3        EV: 10    Int: 13    God:
Gold:   12         SH:  0    Dex: 11    Spells: 3/4 levels left

rFire    . . .     SeeInvis +     - Unarmed
rCold    . . .     Gourm    .   (no shield)
rNeg     . . .     Faith    .   b - +0 robe
rPois    +         Spirit   .   (no helmet)
rElec    .         Reflect  .   (no cloak)
rCorr    .         Harm     .   (no gloves)
MR       .....                  (no barding)
Stlth    +.........             (no amulet)
HPRegen  0.06/turn              (no ring)
MPRegen  0.08/turn              (no ring)

@: short of breath, very slow
A: large, see invisible, deformed body, poison resistance, slowness 2, slow
metabolism 1, spit poison 1, AC +0
a: Spit Poison


You were on level 1 of the Dungeon.
You were not hungry.

You visited 1 branch of the dungeon, and saw 1 of its levels.

You collected 12 gold pieces.

Inventory:

Missiles
 a - 12 arrows
 e - 4 stones (quivered)
Armour
 b - a +0 robe (worn)
Scrolls
 g - a scroll of remove curse {unknown}
 h - a scroll of fear {unknown}
Potions
 i - a potion of curing {unknown}
Books
 c - a book of Changes

   Spells                             Type                      Level
   a - Beastly Appendage              Transmutation                1
   b - Sticks to Snakes               Transmutation                2
   c - Spider Form                    Transmutation/Poison         3
   d - Ice Form                       Ice/Transmutation            4
   e - Blade Hands                    Transmutation                5
Comestibles
 d - a ration
 f - 4 chunks of flesh


   Skills:
 + Level 1.0 Fighting
 + Level 1.5 Dodging
 + Level 3.2 Unarmed Combat
 + Level 2.0 Spellcasting
 + Level 2.1 Transmutations


You had 3 spell levels left.
You knew the following spells:

 Your Spells              Type           Power        Failure   Level  Hunger
a - Beastly Appendage     Tmut           #.....       11%         1    ##.....


Dungeon Overview and Level Annotations

Branches:
Dungeon (1/15)

Altars:


Innate Abilities, Weirdness & Mutations

You cannot wear boots.
Your serpentine skin is tough. (AC +0)
You have supernaturally acute eyesight. (SInv)
Armour fits poorly on your strangely shaped body.
Your system is resistant to poisons. (rPois)
You cover ground very slowly.
You have a slow metabolism.
You can spit poison.


Message History

Press: ? - help, Shift-Dir - straight line, f/p - gnoll
Aim: a gnoll, wielding a halberd (lightly wounded)
The splash of poison hits the gnoll.
The gnoll appears unharmed.
The gnoll is lightly wounded.
You feel slightly more hungry. The gnoll barely misses you.
The gnoll hits you from afar with a halberd!
You have got your breath back.
Press: ? - help, Shift-Dir - straight line, f/p - gnoll
Aim: a gnoll, wielding a halberd (lightly wounded)
The splash of poison misses the gnoll.
You feel slightly more hungry. The gnoll closely misses you.
You have got your breath back.
The gnoll barely misses you. The gnoll closely misses you.
Press: ? - help, Shift-Dir - straight line, f/p - gnoll
Aim: a gnoll, wielding a halberd (lightly wounded)
The splash of poison misses the gnoll.
You feel slightly more hungry.
The gnoll hits you from afar with a halberd!
Ouch! That really hurt!
You die...

#.# #.(..# #. #.#####....##### #.
##########.....##.......# #.
#....##......#.#......#.########.
........######....###.........##.
#######.## ####.# #.#####...##.
#...#..# #g## #.###.#....>
#...##.########..# #.#.###....
+...'.........@..# ##.## ##..#
#...##..#########.###.#.###.#..
#...###.# #.#.#.#.#.##.# #####
#.## ##.#.<.#.###.. #..#
##.#.#.#.#.##.# ##.#
##.###.#.###.#.# #.## #.## ##.##
#..# #..######.# #.#.# ..#
##........# #.# #.# ..


You could see a gnoll.

Vanquished Creatures
  A hobgoblin (D:1)
  A frilled lizard (D:1)
  A goblin (D:1)
  2 kobolds (D:1)
5 creatures vanquished.

Notes
Turn   | Place    | Note
-------+----------+-------------------------------------------
     0 | D:1      | meralisa the Naga Transmuter began the quest for the Orb.
     0 | D:1      | Reached XP level 1. HP: 18/18 MP: 3/3
   144 | D:1      | Slain by a gnoll

Action                   || total
-------------------------++-------
Melee: Unarmed           ||     9
Throw: Stone             ||     1
 Cast: Beastly Appendage ||     2
 Abil: Spit Poison       ||     7
Armor: Robe              ||     1
Dodge: Dodged            ||    12
